 Dungeon Sprint DCSS version 0.19.0-24-gb05acd6 (webtiles) character file.

5 equalderp2856 the Gouger (level 5, -1/27 HPs)
             Began as a Felid Fighter on Nov 21, 2016.
             Slain by a porcupine (11 damage)
             ... in the Dungeon (Sprint VI: "Thunderdome").
             The game lasted 00:03:22 (361 turns).

equalderp2856 the Gouger (Felid Fighter)             Turns: 361, Time: 00:03:23

Health: -1/27      AC:  1    Str: 13    XL:     5   Next: 0%
Magic:  6/6        EV: 24    Int:  9    God:
Gold:   210        SH:  0    Dex: 16    Spells: 0 memorised, 4 levels left
                                        Lives:  0   Deaths: 1

rFire  . . .     SeeInvis +       - Unarmed
rCold  . . .     Gourm    .     (armour unavailable)
rNeg   . . .     Faith    .     (shield unavailable)
rPois  .         Spirit   .     (helmet unavailable)
rElec  .         Reflect  .     (cloak unavailable)
rCorr  .         Harm     .     (gloves unavailable)
MR     .....     NoTele   +     (boots unavailable)
Stlth  ++........               (no amulet)
                                (no ring)
                                (no ring)

@: quick
A: no armour, no weapons or thrown items, stealth, claws 1, fangs 3, see
invisible, carnivore 3, speed 1, shaggy fur 1, slow metabolism 1, sharp paws
a: no special abilities


You were in the Dungeon.
You were not hungry.

You visited 1 branch You collected 210 gold pieces.

Inventory:

Wands
 j - a wand of acid (5/15)
 k - a wand of iceblast (5/15)
Scrolls
 h - 4 scrolls of blinking
 l - 3 scrolls of fog
Potions
 a - a potion of might
 c - a potion of curing
 d - 4 potions of heal wounds
 e - 4 potions of haste
 f - 2 potions of magic
 g - a potion of berserk rage
 i - a potion of resistance
Comestibles
 b - a meat ration


   Skills:
 + Level 5.6 Fighting
 + Level 8.1 Dodging
 + Level 0.4 Stealth
 + Level 9.3 Unarmed Combat


You had 4 spell levels left.
You didn't know any spells.

Dungeon Overview and Level Annotations

Branches:
Dungeon (1/1)

Altars:
Cheibriados
Dithmenos
Fedhas
Gozag
Kikubaaqudgha
Makhleb
Okawaru
Qazlal
Ru
Sif Muna
Trog
Uskayaw
Vehumet
Xom
Yredelemnul
Zin
The Shining One
Beogh
Jiyva
Lugonu

Shops:
D *[%??*?*:[((!!!!


Innate Abilities, Weirdness & Mutations

You cannot wear armour.
You are incapable of wielding weapons or throwing items.
Your paws allow you to move quietly. (Stealth)
You have sharp claws.
You have razor-sharp teeth.
You have supernaturally acute eyesight. (SInv)
You are carnivorous and can eat meat at any time.
You cover ground quickly.
You are covered in fur. (AC +1)
You have a slow metabolism.
Your sharp claws are effective at attacking unaware monsters.


Message History

You kill the porcupine!
Your Fighting skill increases to level 5!
Your Dodging skill gained 2 levels and is now at level 8!
Your Unarmed Combat skill gained 2 levels and is now at level 9!
Welcome back to level 4!
Unknown command.
You see here a porcupine corpse.
The quokka bites you. The quokka closely misses you.
You scratch the quokka.
You kill the quokka!
You have reached level 5!
You feel agile.
A porcupine comes into view.
You are struck by the porcupine's spines.
Ouch! That really hurt!
You barely miss the porcupine. The porcupine completely misses you.
You scratch the porcupine but do no damage.
The porcupine bites you!
You die...

⌠........†.###...###...†......⌠#
#.............###.............##
###∩........8.# #.8†.......∩###
##∩___......###......_._∩##
######.8.........8.######
#⌠...........⌠# ###.........###
#_........# #_....@.._#
#_...r..†_# #∩.......∩#
##∩.....∩## ##.....## ##§⌠⌠##
#####


You could see a porcupine.

Vanquished Creatures
  A porcupine (D)
  A big kobold (D)
  A river rat (D)
  A goblin (D)
  A hobgoblin (D)
  A quokka (D)
  A kobold (D)
  A rat (D)
8 creatures vanquished.

Notes
Turn   | Place    | Note
-------+----------+-------------------------------------------
     0 | D        | equalderp2856 the Felid Fighter began the quest for the Orb.
     0 | D        | Reached XP level 1. HP: 10/10 MP: 2/2
     4 | D        | Found an opulent altar of Gozag.
     4 | D        | Found a shadowy altar of Dithmenos.
     5 | D        | Found a blossoming altar of Fedhas.
     5 | D        | Found a viscous altar of Jiyva.
     6 | D        | Found a shimmering altar of Xom.
     6 | D        | Found a glowing silver altar of Zin.
     7 | D        | Found Copum's Identification Station.
     7 | D        | Found a bloodstained altar of Trog.
     7 | D        | Found Fuepeg's Bee Food.
     7 | D        | Round 1.
     8 | D        | Found Seicsiv's Advanced Armour.
     8 | D        | Found Juarug's Jewellery.
    18 | D        | Found a stormy altar of Qazlal.
    20 | D        | Found a deep blue altar of Sif Muna.
    22 | D        | Found a snail-covered altar of Cheibriados.
    23 | D        | Found Mira's Magic Scroll Shop.
    24 | D        | Found a glowing golden altar of the Shining One.
    24 | D        | Found a basalt altar of Yredelemnul.
    24 | D        | Found Arghudec's Staff Store.
    26 | D        | Found Xuxkuco's Magic Scroll Shop.
    26 | D        | Found Miclef's Must-Have Magic.
    31 | D        | Found an ancient bone altar of Kikubaaqudgha.
    32 | D        | Found a sacrificial altar of Ru.
    34 | D        | Found a hide-covered altar of Uskayaw.
    36 | D        | Found Pynt's Distillery.
    37 | D        | Found an iron altar of Okawaru.
    37 | D        | Found a corrupted altar of Lugonu.
    37 | D        | Found Oppirgha's Do-It-Yourself Clinic.
    39 | D        | Found Jaxoib's Distillery.
    39 | D        | Found Guomyukluo's Bottled Wisdom.
    43 | D        | Found a roughly hewn altar of Beogh.
    47 | D        | Found a radiant altar of Vehumet.
    47 | D        | Found a burning altar of Makhleb.
    48 | D        | Found Byruge Noeh's Weapon Rack.
    48 | D        | Found Kesadd's Premium Goods.
    49 | D        | Found Ceaxkais's Basic Armour.
    49 | D        | Found Mewnom's Miscellaneous Merchandise.
   162 | D        | Noticed a big kobold
   177 | D        | Killed a big kobold
   177 | D        | Reached skill level 7 in Unarmed Combat
   177 | D        | Reached XP level 2. HP: 5/15 MP: 3/3
   177 | D        | Reached XP level 3. HP: 6/18 MP: 4/4
   177 | D        | Reached XP level 4. HP: 7/22 MP: 5/5
   222 | D        | Arena points: 5 (+5) [x1]
   240 | D        | Round 2.
   318 | D        | Noticed a porcupine
   326 | D        | Impaled on a porcupine's spines
   327 | D        | Reached XP level 3. HP: -7/18 MP: 4/4
   330 | D        | Killed a porcupine
   330 | D        | Reached skill level 5 in Fighting
   330 | D        | Reached skill level 9 in Unarmed Combat
   330 | D        | Reached XP level 4. HP: 24/24 MP: 5/5
   351 | D        | Reached XP level 5. HP: 23/27 MP: 6/6
   355 | D        | Noticed a porcupine
   361 | D        | Slain by a porcupine

Skill      XL: |  1  2  3 |
---------------+----------+-----
Fighting       | 4 5 |  5.6
Dodging        | 6 8 |  8.1
Unarmed Combat | 7 9 |  9.3
Stealth        | |  0.4

Action                   |  1- 3 |  4- 6 || total
-------------------------+-------+-------++-------
Melee: Unarmed           |    13 |    14 ||    27
       Bite              |       |     1 ||     1
Dodge: Dodged            |    10 |     9 ||    19
